 Dungeon Crawl Stone Soup version 0.18-a0-1078-gebb93d0 (webtiles) character file.

51 tof the Skirmisher (level 3, 0/29 HPs)
             Began as a Demonspawn Fighter on Jan 14, 2016.
             Slain by a worker ant (6 damage)
             ... on level 2 of the Dungeon.
             The game lasted 00:03:30 (1714 turns).

tof the Skirmisher (Demonspawn Fighter)             Turns: 1714, Time: 00:03:30

Health: 0/29       AC:  5    Str: 19    XL:     3   Next: 58%
Magic:  3/3        EV:  7    Int:  9    God:
Gold:   161        SH:  8    Dex: 13    Spells: 0 memorised, 2 levels left

rFire  . . .     SeeInvis .     h - +0 spear (pierce)
rCold  . . .     Gourm    .     k - +0 ring mail (curse)
rNeg   . . .     Faith    .     c - +0 shield
rPois  .         Spirit   .     (no helmet)
rElec  .         Dismiss  .     (no cloak)
rCorr  .         Reflect  .     (no gloves)
SustAt .         Harm     .     (no boots)
MR     .....                    (no amulet)
Stlth  +.........               (no ring)
                                r - +3 ring of strength

@: lethally poisoned (0 -> -4), heavily drained, not resistant to hostile
enchantments, very unstealthy
A: powered by death 1, powered by pain 1
a: no special abilities


You were on level 2 of the Dungeon.
You were hungry.

You visited 1 branch of the dungeon, and saw 3 of its levels.

You collected 161 gold pieces.

Inventory:

Hand Weapons
 a - a +0 trident
 h - a +0 spear of piercing (weapon)
Armour
 b - a +0 scale mail
 c - a +0 shield (worn)
 k - a cursed +0 ring mail (worn)
Jewellery
 r - a +3 ring of strength (left hand)
Scrolls
 e - 2 scrolls of magic mapping {unknown}
 i - a scroll of amnesia {unknown}
 l - 2 scrolls of identify {unknown}
 n - 2 scrolls of remove curse {unknown}
 o - a scroll of enchant armour {unknown}
 t - a scroll of teleportation {unknown}
Potions
 d - a potion of might
 g - a potion of resistance {unknown}
 j - 3 potions of curing {unknown}
 m - a potion of lignification {unknown}
 p - a potion of brilliance {unknown}
Books
 s - a book of Conjurations

   Spells                             Type                      Level
   a - Magic Dart                     Conjuration                  1
   b - Searing Ray                    Conjuration                  2
   c - Dazzling Spray                 Conjuration/Hexes            3
   d - Fulminant Prism                Conjuration/Hexes            4
   e - Iskenderun's Mystic Blast      Conjuration                  4
   f - Iskenderun's Battlesphere      Conjuration/Charms           5
Comestibles
 f - 2 bread rations
 u - a beef jerky


   Skills:
 + Level 3.3(1.9) Fighting
 + Level 2.2(0.8) Polearms
 + Level 3.2(1.8) Armour
 + Level 3.1(1.7) Shields


You had 2 spell levels left.
You didn't know any spells.

Dungeon Overview and Level Annotations

Branches:
Dungeon (3/15)

Altars:

Annotations:
D:3 Friendofdean's ghost, amateur DsCK


Innate Abilities, Weirdness & Mutations

You regenerate a little health from kills.
You sometimes gain a little power by taking damage.


Message History

The worker ant bites you but does no damage.
You hit the worker ant.
The worker ant is almost dead.
You feel sick. The worker ant bites you.
You hit the worker ant but do no damage.
The worker ant is almost dead.
The worker ant bites you.
You closely miss the worker ant.
The worker ant is almost dead.
You feel sick. You block the worker ant's attack. The worker ant bites you.
* * * LOW HITPOINT WARNING * * *
You are too injured to fight recklessly!
You are too injured to fight recklessly!
You are too injured to fight recklessly!
You are too injured to fight recklessly!
You are too injured to fight recklessly!
You closely miss the worker ant.
The worker ant is almost dead.
The worker ant bites you.
You die...

.#......# #.# ##.##
.######.## #.# ######
#.## .# #..(# #.# #....#
#.## .# ###.#.####.#
#.##.# #...
.###...#...##.######.##.#
####
.....#####...........##.#
#
#......#......#########.#
..####.#.###.######
#.######### ### #...#
#....@.# #..........
#####
######a###############
#...........(....
#################


You could see a worker ant.

Vanquished Creatures
  An adder (D:2)
  A giant gecko (D:1)
  A ball python (D:2)
  3 giant cockroaches
  8 goblins
  2 hobgoblins
  2 jackals (D:1)
  9 kobolds (D:1)
  6 bats (D:1)
  4 rats
37 creatures vanquished.

Notes
Turn   | Place    | Note
--------------------------------------------------------------
     0 | D:1      | tof the Demonspawn Fighter began the quest for the Orb.
     0 | D:1      | Reached XP level 1. HP: 18/18 MP: 1/1
   159 | D:1      | Gained mutation: You regenerate a little health from kills. [demonic ancestry]
   159 | D:1      | Reached XP level 2. HP: 24/24 MP: 2/2
   510 | D:1      | Gained mutation: You sometimes gain a little power by taking damage. [demonic ancestry]
   510 | D:1      | Reached XP level 3. HP: 29/29 MP: 3/3
  1693 | D:3      | Noticed Friendofdean's ghost (amateur DsCK)
  1714 | D:2      | Slain by a worker ant

Vault maps used:
D:1:      dpeg_arrival_signposts
D:2:      hex_tiny
D:3:      minitemple, serial_corexii_hall, corexii_hall_statues_t,
          corexii_hall_statues_i, first_bread

Action                   || total
-------------------------++-------
Melee: Spear             ||   151
       Trident           ||     3
  Eat: Chunk             ||     2
